 Dungeon Sprint DCSS version 0.23.2-33-g5129a83184 (webtiles) character file.

Game seed: 12658626905412905582

275667 Groucho the Imperceptible (level 12, 66/66 HPs)
             Began as a Felid Berserker on July 17, 2019.
             Was the Champion of Trog.
             Escaped with the Orb!
             The game lasted 00:26:21 (5582 turns).

Groucho the Imperceptible (Felid Berserker)         Turns: 5582, Time: 00:26:22

Health: 66/66      AC:  5    Str: 13    XL:     12   Next: 56%
Magic:  13/13      EV: 38    Int:  7    God:    Trog [******]
Gold:   1761       SH:  3    Dex: 24    Spells: 11/11 levels left
                                        Lives:  1   Deaths: 2

rFire    + . .     SeeInvis +     - Unarmed
rCold    . . .     Gourm    .   (shield unavailable)
rNeg     + . .     Faith    .   (armour unavailable)
rPois    +         Spirit   .   (helmet unavailable)
rElec    .         Reflect  +   (cloak unavailable)
rCorr    .         Harm     .   (gloves unavailable)
MR       +++..     NoTele   +   (boots unavailable)
Stlth    +++.......             n - amulet of the Cockatrice {Reflect +Blink SH+3}
HPRegen  1.21/turn              j - ring of poison resistance
MPRegen  0.13/turn              c - ring of the Griffon {Fire rN+ Dex+4}

@: berserk cooldown, regenerating, slowed, slow
A: very small, no armour, no weapons or thrown items, stealth, claws 1, fangs 3,
yellow scales 1, see invisible, carnivore, dopey 1, speed 1, shaggy fur 3, slow
metabolism 1, sharp paws
0: Orb of Zot
a: Berserk, Trog's Hand, Brothers in Arms, Renounce Religion, Evoke Blink


You escaped.
You worshipped Trog.
Trog was exalted by your worship.
You were not hungry.

You visited 1 branch You collected 3173 gold pieces.
You spent 1412 gold pieces at shops.

Inventory:

Jewellery
 c - the ring of the Griffon (right paw) {Fire rN+ Dex+4}
   (You bought it in a shop in the Dungeon)

   [ring of fire]

   It enhances your fire magic.
   It affects your dexterity (+4).
   It protects you from fire.
   It makes you vulnerable to cold.
   It protects you from negative energy.
 j - a ring of poison resistance (left paw)
 n - the amulet of the Cockatrice (around neck) {Reflect +Blink SH+3}
   (You bought it in a shop in the Dungeon)

   [amulet of reflection]

   It shields you and reflects attacks.
   It lets you blink.
   It affects your SH (+3).
Wands
 g - a wand of polymorph (12)
 o - a wand of flame (20)
Scrolls
 i - 2 scrolls of fear {unknown}
 k - a scroll of enchant armour {unknown}
 l - 3 scrolls of identify {unknown}
 p - a scroll of amnesia {unknown}
Potions
 b - a potion of curing
 e - 2 potions of magic
 f - a potion of berserk rage
 m - a potion of heal wounds


   Skills:
 * Level 16.1 Fighting
 * Level 20.1 Dodging
 - Level 22.3 Stealth
 + Level 16.7 Unarmed Combat


You had 11 spell levels left.
You didn't know any spells.
Your spell library was empty.

Dungeon Overview and Level Annotations

Branches:
Dungeon (1/1)

Altars:
Cheibriados
Dithmenos
Elyvilon
Fedhas
Gozag
Hepliaklqana
Kikubaaqudgha
Makhleb
Nemelex Xobeh
Okawaru
Qazlal
Ru
Sif Muna
Trog
Uskayaw
Vehumet
Wu Jian
Xom
Yredelemnul
Zin
The Shining One
Jiyva
Lugonu

Shops:
D =?(=!(=:}[?*%*:*[%[[(%

Annotations:
D Tiamat


Innate Abilities, Weirdness & Mutations

You cannot wear armour.
You are incapable of wielding weapons or throwing items.
Your paws allow you to move quietly. (Stealth)
You have sharp claws.
You have razor-sharp teeth.
You have supernaturally acute eyesight. (SInv)
You are carnivorous and can eat meat at any time.
You cover ground quickly.
Your thick and shaggy fur keeps you warm. (AC +3, rC+)
You have a slow metabolism.
Your sharp claws are effective at attacking unaware monsters.
You are partially covered in yellow scales. (AC +2)
You are dopey. (Int -2)


Message History

You see here a +0 giant club.
You feel a strong urge to attack something.
There is an open door here.
You feel your anger nearly subside.
You are no longer berserk.
You are exhausted.
You feel yourself slow down.
There is an open door here.
Things that are here:
a +0 ring mail; a +0 club
There is a staircase leading out of the dungeon here.
You eat the ration.
That ration really hit the spot!
Unknown command.
Unknown command.
You start waiting.
An Ice Fiend comes into view.
A sixfirhy comes into view.
There are monsters nearby!
The Ice Fiend gestures at you. The bolt of cold misses you.
You have escaped!

##################
#@1#..'..#.['..#__
#..[..#.)'..#..'..
#..#####'#####'#__
#..####..#...#.###
#..#__####..##.#§§
#..#_____##'#_.'§§
#⌠3#_.∩...'..._#≈§
#..._..__##_.#'##'
#..#_____###'#)#.§


You could see an Ice Fiend and a sixfirhy (wandering).

Vanquished Creatures
  A shadow dragon (D)
  3 fire giants (D)
  A daeva (D)
  A lorocyproca (D)
  A hydra (D)
  2 centaur warriors (D)
  Sonja (D)
  5 unseen horrors (D)
  A shadow demon (D)
  A deep troll (D)
  A lindwurm (D)
  An oklob plant (D)
  A kobold demonologist (D)
  A gargoyle (D)
  A meliai (D)
  A hornet (D)
  Sigmund (D)
  A slime creature (D)
  2 redbacks (D)
  11 hogs (D)
  A yak (D)
  2 floating eyes (D)
  An ogre (D)
  7 necrophages (D)
  8 jellies (D)
  Ijyb (D)
  A ballistomycete (D)
59 creatures vanquished.

Vanquished Creatures (collateral kills)
  A golden dragon (D)
  A fire giant (D)
  2 unseen horrors (D)
  8 shining eyes (D)
  4 demonic crawlers (D)
  A kobold demonologist (D)
  2 hogs (D)
  5 floating eyes (D)
  A ballistomycete spore (D)
25 creatures vanquished.

Vanquished Creatures (others)
  A gargoyle (D)
  A ballistomycete spore (D)
2 creatures vanquished.

Grand Total: 86 creatures vanquished

Notes
Turn   | Place    | Note
-------+----------+-------------------------------------------
     0 | D        | Groucho the Felid Berserker began the quest for the Orb.
     0 | D        | Reached XP level 1. HP: 10/10 MP: 2/2
     3 | D        | Noticed Ijyb
    13 | D        | Killed Ijyb
    13 | D        | Reached skill level 8 in Stealth
    13 | D        | Reached XP level 2. HP: 14/14 MP: 3/3
    47 | D        | Noticed an ogre
    49 | D        | Killed an ogre
    49 | D        | Reached skill level 12 in Stealth
    49 | D        | Reached XP level 3. HP: 17/17 MP: 4/4
    49 | D        | Reached XP level 4. HP: 21/21 MP: 5/5
    71 | D        | Noticed Sigmund
    73 | D        | Killed Sigmund
    73 | D        | Reached ** piety under Trog
    73 | D        | Reached skill level 16 in Stealth
    73 | D        | Reached XP level 5. HP: 24/24 MP: 6/6
    73 | D        | Gained mutation: You are covered in thick fur. (AC +2)
                  | [Felid growth]
    73 | D        | Reached XP level 6. HP: 28/28 MP: 7/7
    89 | D        | Found a deep blue altar of Sif Muna.
    90 | D        | Found an ornate altar of the Wu Jian Council.
    91 | D        | Found a radiant altar of Vehumet.
   128 | D        | Found Letigh's Jewellery Emporium.
   128 | D        | Found an ancient bone altar of Kikubaaqudgha.
   128 | D        | Found a hazy altar of Hepliaklqana.
   128 | D        | Found a stormy altar of Qazlal.
   128 | D        | Found a hide-covered altar of Uskayaw.
   128 | D        | Found a blossoming altar of Fedhas.
   128 | D        | Found a bloodstained altar of Trog.
   128 | D        | Found an iron altar of Okawaru.
   128 | D        | Found a basalt altar of Yredelemnul.
   128 | D        | Found a glowing golden altar of the Shining One.
   128 | D        | Found a snail-covered altar of Cheibriados.
   128 | D        | Found a sacrificial altar of Ru.
   128 | D        | Found a glowing silver altar of Zin.
   128 | D        | Found a shadowy altar of Dithmenos.
   128 | D        | Found a white marble altar of Elyvilon.
   128 | D        | Noticed a yak
   129 | D        | Found an opulent altar of Gozag.
   130 | D        | Killed a yak
   130 | D        | Reached skill level 17 in Stealth
   130 | D        | Reached skill level 5 in Unarmed Combat
   131 | D        | Found a sparkling altar of Nemelex Xobeh.
   135 | D        | Bought an uncursed ring of poison resistance for 260 gold
                  | pieces
   352 | D        | Found a burning altar of Makhleb.
   352 | D        | Found a shimmering altar of Xom.
   352 | D        | Noticed a slime creature
   353 | D        | Found a viscous altar of Jiyva.
   353 | D        | Found a corrupted altar of Lugonu.
   355 | D        | Killed a slime creature
   355 | D        | Reached *** piety under Trog
   355 | D        | Reached skill level 18 in Stealth
   355 | D        | Reached XP level 7. HP: 31/31 MP: 8/8
   376 | D        | Noticed a centaur warrior
   376 | D        | Noticed a centaur warrior
   377 | D        | Killed a centaur warrior
   377 | D        | Reached skill level 19 in Stealth
   377 | D        | Reached skill level 10 in Unarmed Combat
   377 | D        | Reached XP level 8. HP: 34/34 MP: 9/9
   378 | D        | Killed a centaur warrior
   378 | D        | Reached skill level 21 in Stealth
   392 | D        | Noticed a hornet
   395 | D        | Killed a hornet
   395 | D        | Reached XP level 9. HP: 37/37 MP: 10/10
   398 | D        | Noticed an oklob plant
   400 | D        | Killed an oklob plant
   400 | D        | Reached **** piety under Trog
   424 | D        | Reached skill level 22 in Stealth
   431 | D        | HP: 2/55 [poisoned by a redback]
   433 | D        | Succumbed to a redback's poison
   434 | D        | Reached XP level 8. HP: -1/34 MP: 9/9
   468 | D        | Noticed an unseen horror
   468 | D        | Noticed an unseen horror
   475 | D        | Slain by an unseen horror
   476 | D        | Reached XP level 7. HP: -4/31 MP: 8/8
   496 | D        | Noticed a deep troll
   498 | D        | Killed a deep troll
   498 | D        | Reached ***** piety under Trog
   498 | D        | Reached skill level 5 in Dodging
   498 | D        | Reached XP level 8. HP: 36/36 MP: 9/9
   512 | D        | Found Yggoirit's Armour Emporium.
   560 | D        | Killed an unseen horror
   560 | D        | Reached skill level 5 in Fighting
   562 | D        | Killed an unseen horror
   562 | D        | Reached XP level 9. HP: 25/42 MP: 10/10
   682 | D        | Killed a gargoyle
   803 | D        | Reached skill level 10 in Dodging
   811 | D        | Reached ****** piety under Trog
   840 | D        | Found Xaxier's Book Shoppe.
   840 | D        | Found Zyuvirgh's Jewellery Shop.
   840 | D        | Found Vofa's Gadget Boutique.
   842 | D        | Found Paistral's Antique Armour Emporium.
   842 | D        | Found Asopiz's Magic Scroll Shop.
   842 | D        | Found Gofuhug's Assorted Antiques.
   842 | D        | Found Efagonun's Food Boutique.
   842 | D        | Found Vuhol's Assorted Antiques.
   842 | D        | Found Ruopoah's Book Shop.
   842 | D        | Found Qummamn's General Store.
   848 | D        | Bought a wand of digging (4) for 224 gold pieces
   848 | D        | Found Feunuceh's Armour Boutique.
   849 | D        | Found Haxiaseg's Armour Emporium.
   849 | D        | Found Bida's Food Boutique.
   850 | D        | Found Lehy's Weapon Emporium.
  1165 | D        | Noticed Sonja
  1168 | D        | Killed Sonja
  1237 | D        | Found Tuutwied's Jewellery Boutique.
  1294 | D        | Noticed a kobold demonologist
  1295 | D        | Noticed a kobold demonologist
  1299 | D        | Killed a kobold demonologist
  1301 | D        | Killed a kobold demonologist
  1301 | D        | Reached XP level 10. HP: 47/47 MP: 11/11
  1987 | D        | Noticed a gargoyle
  1990 | D        | Killed a gargoyle
  2006 | D        | Noticed a lorocyproca
  2034 | D        | Killed a lorocyproca
  2034 | D        | Reached skill level 10 in Fighting
  3152 | D        | Noticed a lindwurm
  3155 | D        | Killed a lindwurm
  3227 | D        | Reached XP level 11. HP: 57/57 MP: 12/12
  3289 | D        | Noticed a daeva
  3297 | D        | Noticed a 12-headed hydra
  3299 | D        | Killed a 12-headed hydra
  3299 | D        | Reached skill level 15 in Dodging
  3299 | D        | Reached skill level 15 in Unarmed Combat
  3614 | D        | Bought the ring of the Griffon {Fire rN+ Dex+4} for 446
                  | gold pieces
  3760 | D        | Noticed a shadow dragon
  3761 | D        | Found the +4 dagger "Morg" {pain, MR+ Int+5}
  3761 | D        | Noticed a golden dragon
  3765 | D        | Killed a shadow dragon
  3771 | D        | Killed a golden dragon
  3838 | D        | Found Fuwky's Food Shoppe.
  3905 | D        | Noticed an unseen horror
  3905 | D        | Noticed an unseen horror
  3905 | D        | Noticed an unseen horror
  3906 | D        | Noticed an unseen horror
  3908 | D        | Killed an unseen horror
  3909 | D        | Noticed an unseen horror
  3914 | D        | Killed an unseen horror
  3916 | D        | Killed an unseen horror
  3920 | D        | Killed an unseen horror
  3928 | D        | Killed an unseen horror
  4176 | D        | Noticed a fire giant
  4179 | D        | Noticed a fire giant
  4179 | D        | Noticed a fire giant
  4180 | D        | Noticed a fire giant
  4197 | D        | Killed a fire giant
  4359 | D        | Killed a fire giant
  4359 | D        | Gained mutation: Your thick and shaggy fur keeps you warm.
                  | (AC +3, rC+) [Felid growth]
  4359 | D        | Reached XP level 12. HP: 64/64 MP: 13/13
  4629 | D        | Killed a daeva
  4629 | D        | Reached skill level 15 in Fighting
  4865 | D        | Killed a fire giant
  4961 | D        | Killed a fire giant
  5290 | D        | Bought a potion of flight for 36 gold pieces
  5290 | D        | Bought a potion of heal wounds for 60 gold pieces
  5327 | D        | Bought the amulet of the Cockatrice {Reflect +Blink SH+3}
                  | for 386 gold pieces
  5344 | D        | Gained mutation: You are partially covered in yellow
                  | scales. (AC +2) [a shining eye]
  5364 | D        | Gained mutation: You are dopey. (Int -2) [a shining eye]
  5370 | D        | Found Gewiqiuj's Distillery.
  5370 | D        | Found Fiz Ybos's Magic Scroll Shoppe.
  5370 | D        | Found Neimmymeucs's Antique Weapon Boutique.
  5370 | D        | Found Riost's Antique Weapon Emporium.
  5484 | D        | Identified the +4 dragonskin cloak
  5484 | D        | Noticed Tiamat
  5495 | D        | Got the Orb of Zot
  5580 | D        | Noticed an Ice Fiend
  5582 | D        | Escaped with the Orb!

Skill      XL: |  1  2  3  4  5  6  7  8  9 10 11 12 |
---------------+-------------------------------------+-----
Stealth        | 8 12 16 18 19 21 22 | 22.3
Unarmed Combat | 7 10 13 14 16 | 16.7
Fighting       | 4 6 9 11 14 16 | 16.1
Dodging        | 5 9 11 14 18 20 | 20.1

Action                   |  1- 3 |  4- 6 |  7- 9 | 10-12 || total
-------------------------+-------+-------+-------+-------++-------
Melee: Unarmed           |    10 |     4 |    66 |   115 ||   195
       Punch             |     1 |       |     3 |    10 ||    14
       Bite              |     1 |       |     5 |    19 ||    25
Invok: Berserk           |     1 |       |     2 |     9 ||    12
       Brothers in Arms  |       |       |     5 |    12 ||    17
       Trog's Hand       |       |       |     2 |    11 ||    13
Evoke: Wand              |       |       |       |     4 ||     4
  Use: Scroll            |       |       |     1 |       ||     1
       Potion            |       |       |       |     7 ||     7
 Stab: Sleeping          |     1 |     4 |    11 |     7 ||    23
       Distracted        |       |       |     1 |       ||     1
       Confused          |       |       |       |     1 ||     1
  Eat: Chunk             |       |     7 |     3 |    14 ||    24
       Ration            |       |       |       |     6 ||     6
Armor: Skin              |     1 |       |     3 |     5 ||     9
Dodge: Dodged            |     3 |       |    53 |   114 ||   170
